Map: Orbital Shipyard

Players

자유인 - Winner!

  • Race: Terran Terran
  • League: Platinum

Zarmoxis

  • Race: Terran Terran
  • League: Platinum

VOD

Have the link to the VOD?

Description

Time

  • Played on: Aug. 23, 2015, 7:59 a.m.
  • Length: 19:39
Show
View Real Time Build Order
Export as new Build Order

자유인 Terran - Winner!

Build Orders: 1/1/1, Mech 

Get SALT Encoding   

  12  0:01  SCV  
  13  0:13  SCV  
  14  0:22  Supply Depot  
  14  0:25  SCV  
  15  0:35  Refinery  
  15  0:44  SCV  
  15  0:46  Barracks  
  16  0:54  Refinery  
  16  0:56  SCV  
  17  1:06  Supply Depot  
  17  1:10  SCV  
  18  1:23  SCV  
  19  1:35  SCV  
  20  1:43  Factory  
  20  1:47  SCV  
  20  1:53  Marine  
  22  1:59  SCV  
  23  2:11  SCV  
  23  2:13  Marine  
  25  2:23  SCV  
  25  2:27  Starport  
  25  2:29  Factory Tech Lab  
  26  2:33  Supply Depot, Marine  
  26  2:35  SCV  
  28  2:48  Orbital Command  
  28  2:51  Marine  
  28  2:55  Siege Tank  
  32  3:04  Viking  
  34  3:20  SCV  
  35  3:33  Command Center  
  35  3:35  SCV  
  36  3:47  SCV  
  37  4:02  Supply Depot  
  37  4:04  Supply Depot  
  37  4:15  SCV  
  38  4:23  Siege Tank, Starport Reactor  
  41  4:34  Factory  
  41  4:40  SCV  
  42  4:45  Command Center  
  42  4:48  SCV  
  42  4:52  SCV  
  44  5:01  Viking  
  44  5:02  Viking  
  48  5:30  Siege Tank  
  48  5:33  Viking x2  
  55  5:40  SCV x2  
  57  5:46  Armory  
  57  5:51  Factory Tech Lab  
  57  5:52  SCV x2  
  57  5:54  Factory  
  59  6:17  Siege Tank  
  62  6:24  SCV  
  62  6:25  SCV  
  64  6:26  SCV  
  64  6:30  Armory  
  65  6:36  SCV  
  65  6:37  SCV  
  65  6:38  SCV  
  68  6:40  Refinery  
  68  6:42  Refinery  
  68  6:44  Hellion x2  
  68  6:46  Viking  
  68  6:47  Viking  
  76  6:49  SCV  
  76  6:50  SCV  
  76  6:54  SCV  
  79  7:01  SCV  
  80  7:03  SCV  
  80  7:05  Terran Vehicle Weapons Level 1  
  81  7:12  SCV  
  81  7:14  SCV  
  83  7:16  SCV  
  84  7:24  SCV  
  84  7:25  Supply Depot  
  84  7:29  SCV x2, Viking x2  
  91  7:37  Siege Tank  
  91  7:38  Factory Tech Lab  
  91  7:41  SCV  
  91  7:42  Supply Depot  
  95  7:47  Refinery  
  95  7:49  SCV x2, Refinery  
  97  7:53  SCV  
  97  7:56  Terran Ship Weapons Level 1  
  97  7:57  Armory  
  98  8:01  SCV  
  101  8:08  Orbital Command  
  101  8:10  Orbital Command  
  99  8:13  SCV  
  99  8:18  Siege Tank x2  
  99  8:19  Hellion  
  108  8:28  SCV, Engineering Bay  
  109  8:40  SCV  
  110  8:46  Factory  
  110  8:49  Siege Tank  
  110  8:50  Viking x2  
  117  9:06  Terran Vehicle Weapons Level 2  
  117  9:07  Terran Vehicle And Ship Armor Level 1  
  117  9:10  Command Center  
  117  9:32  SCV x3, Viking, Siege Tank  
  117  9:34  Siege Tank  
  117  9:36  Supply Depot x2  
  128  9:41  Viking  
  128  9:42  Siege Tank  
  133  9:53  Factory Tech Lab  
  133  9:56  Factory  
  133  9:57  SCV x3  
  136  10:07  Viking  
  136  10:10  SCV x2  
  136  10:11  Viking  
  142  10:14  Command Center  
  125  10:29  Siege Tank x3  
  125  10:30  Siege Tank  
  131  10:37  Viking  
  129  11:00  Viking  
  131  11:05  Starport  
  131  11:06  Thor  
  131  11:07  Viking  
  131  11:08  SCV  
  131  11:09  SCV x2  
  148  11:30  Viking  
  148  11:31  Command Center  
  150  11:37  Thor, Viking  
  150  11:39  Command Center  
  152  11:40  Thor  
  152  11:45  Starport Reactor  
  141  12:27  Viking  
  141  12:28  Viking x3  
  136  12:44  Thor x3  
  136  12:46  Hellion  
  136  12:48  Planetary Fortress  
  136  12:50  Missile Turret  
  156  12:52  Missile Turret  
  156  12:57  Viking  
  158  13:00  Viking  
  158  13:01  Viking x2  
  164  13:07  Hellion  
  164  13:08  Refinery  
  166  13:19  SCV  
  167  13:25  Planetary Fortress  
  167  13:27  Viking  
  167  13:28  Missile Turret  
  167  13:30  Viking  
  167  13:31  SCV, Missile Turret  
  167  13:32  SCV  
  173  13:39  Refinery  
  173  13:40  Thor  
  179  13:43  SCV, Hellion x2  
  179  13:44  SCV, Hellion  
  187  14:05  Hellion  
  187  14:08  Factory  
  189  14:17  Thor  
  189  14:23  Viking x2  
  199  14:26  Supply Depot  
  199  14:29  Refinery  
  199  14:30  Refinery  
  199  14:32  Refinery  
  199  14:58  Refinery  
  199  15:03  Terran Vehicle And Ship Armor Level 2, Terran Vehicle Weapons Level 3  
  199  15:04  Terran Ship Weapons Level 2  
  175  15:29  Viking x2  
  175  15:30  Viking x2  
  181  15:59  Viking x2  
  181  16:01  Viking x2  
  141  16:26  Thor x3  
  141  16:29  Viking x2  
  141  16:31  Viking  
  165  16:43  Factory Tech Lab  
  165  16:44  Factory Tech Lab  
  165  16:46  Viking  
  167  16:54  Supply Depot  
  125  17:32  Siege Tank  
  125  17:33  Siege Tank x5  
  137  17:55  Viking x2  
  137  17:56  Viking x2  
  137  17:58  SCV  
  146  18:04  Siege Tank  
  146  18:05  Siege Tank x4  
  161  18:10  SCV  
  162  18:19  Siege Tank  
  165  18:25  Viking x2  
  169  18:27  Command Center  
  167  18:37  Siege Tank x2  
  173  18:52  Siege Tank x3  
Show
View Real Time Build Order
Export as new Build Order

Zarmoxis Terran 

Build Orders: 1/1/1, Mech, Siege Tank Drop 

Get SALT Encoding   

  12  0:01  SCV  
  13  0:13  SCV  
  14  0:18  Supply Depot  
  14  0:25  SCV  
  15  0:39  SCV  
  15  0:41  Barracks  
  16  0:48  Refinery  
  16  0:51  SCV  
  16  0:53  Refinery  
  17  1:04  SCV  
  18  1:16  SCV  
  19  1:28  SCV, Marine  
  19  1:30  Supply Depot  
  21  1:35  Factory  
  21  1:40  SCV  
  21  1:46  Marine  
  23  1:52  SCV  
  24  2:00  Supply Depot  
  24  2:04  SCV, Marine  
  26  2:16  SCV  
  26  2:19  Starport  
  26  2:20  Factory Tech Lab  
  27  2:25  Marine  
  28  2:35  SCV  
  29  2:40  Siege Tank  
  32  2:45  Supply Depot  
  32  2:48  SCV  
  33  2:54  Barracks Reactor  
  33  2:56  Medivac  
  35  3:00  SCV  
  36  3:12  SCV  
  37  3:14  Siege Tank  
  40  3:27  SCV  
  40  3:32  Marine x2  
  40  3:33  Medivac  
  45  3:38  Supply Depot  
  45  3:40  SCV  
  46  3:59  Command Center  
  46  4:05  Supply Depot  
  46  4:08  Marine x2  
  48  4:16  Starport Reactor  
  48  4:19  Siege Tank  
  51  4:26  Marine x2  
  53  4:31  SCV  
  53  4:36  Supply Depot  
  51  5:24  Viking x2  
  51  5:25  Siege Tank, Marine  
  51  5:26  Marine  
  51  5:27  SCV x2  
  61  5:47  Command Center  
  61  5:51  Factory  
  61  5:54  SCV x2, Viking  
  65  5:57  Viking  
  67  6:11  SCV  
  67  6:12  SCV  
  67  6:16  Refinery  
  67  6:17  Refinery  
  69  6:21  Armory  
  69  6:23  SCV  
  69  6:24  SCV  
  71  6:27  Viking  
  73  6:36  SCV x2  
  73  6:38  Viking  
  71  7:10  Siege Tank  
  71  7:11  Hellion x2, Viking x2  
  71  7:12  SCV  
  84  7:17  Orbital Command  
  83  7:24  SCV  
  83  7:25  Barracks Tech Lab  
  83  7:29  Terran Vehicle Weapons Level 1  
  84  7:32  Factory  
  84  7:36  Liberator  
  84  7:37  Liberator  
  84  7:42  SCV x2  
  84  7:43  SCV, Engineering Bay  
  93  8:00  SCV x3  
  96  8:09  Hellion  
  96  8:10  Hellion  
  100  8:14  SCV  
  101  8:24  Planetary Fortress  
  101  8:33  Refinery x2  
  101  9:07  Supply Depot  
  101  9:08  Supply Depot  
  101  9:09  Supply Depot  
  101  9:11  Liberator x2  
  101  9:23  Terran Vehicle And Ship Armor Level 1  
  101  9:28  SCV x2  
  101  9:30  SCV, Hellion x2, Siege Tank  
  117  9:32  Siege Tank  
  120  9:40  SCV  
  120  9:41  Infernal Pre-Igniter  
  121  9:47  SCV  
  121  9:48  Supply Depot  
  121  9:49  Planetary Fortress, Supply Depot  
  121  9:50  Supply Depot  
  122  9:55  Hellion  
  122  9:59  Liberator x2  
  124  10:10  Hellion  
  123  10:28  Siege Tank x2  
  123  10:29  Hellion  
  123  10:31  Hellion  
  124  10:45  Liberator x2  
  119  11:03  Siege Tank x2  
  135  11:04  Hellion x2  
  135  11:08  SCV x3  
  138  11:12  Supply Depot x2  
  138  11:16  Command Center  
  138  11:17  Terran Vehicle Weapons Level 2  
  138  11:23  Barracks Reactor  
  138  11:25  Starport  
  138  11:26  Factory  
  138  11:30  Liberator x2  
  138  11:49  Thor  
  138  11:53  Hellion x3  
  156  12:02  Armory  
  149  12:41  Siege Tank  
  149  12:42  Siege Tank  
  155  12:47  Factory Tech Lab  
  155  12:53  Starport  
  155  12:56  Barracks Reactor  
  155  13:12  Liberator  
  155  13:13  Liberator x2  
  155  13:14  Liberator  
  155  13:32  Siege Tank  
  155  13:33  Siege Tank  
  177  13:34  Hellion x2  
  177  13:36  Hellion x2  
  177  13:38  Command Center  
  177  13:39  Supply Depot x2  
  177  13:40  Supply Depot  
  177  14:00  Thor  
  181  14:12  Terran Vehicle Weapons Level 3, Liberator  
  182  14:58  Planetary Fortress  
  182  15:01  Planetary Fortress  
  179  15:15  Liberator x2  
  113  16:14  Liberator  
  107  16:19  Siege Tank x3  
  112  16:43  Refinery  
  112  16:44  Refinery  
  112  16:46  Hellion x2, Refinery  
  116  16:47  Refinery  
  116  16:59  Hellion  
  116  17:00  Hellion x2  
  122  17:04  Viking x4  
  122  17:05  Viking  
  122  17:08  Hellion x2  
  136  17:15  Command Center  
  136  17:17  Command Center x2  
  136  17:21  Hellion x2  
  107  17:30  Hellion  
  107  17:31  Hellion x2  
  113  17:43  Liberator x2  
  113  17:46  Thor x2  
  117  17:55  Hellion x3  
  127  18:16  Thor  
  133  18:35  Thor x2  
  133  18:36  Hellion x2  
  133  18:37  Viking  
Tags
 
Add a new tag
Caveats
  • Supply blocks, unpowered buildings, or Contaminate may cause inaccurate times.
  • Supply counts are checked every 10 seconds.